AoeStats
← eyupfc

Arabia

508500120Analyzed
3v3 RM · 10d ago on Sep 22, 2026· 25m 44s· 6 players
Game mode
Random Map
Map size
Normal (6 player)
Population
200
Speed
Normal
Resources
Standard
Victory
Conquest
Starting age
Dark Age
Ending age
Imperial Age
RankedLock teamsTeams togetherTeam positionsShared explorationLock speedFull tech treeHidden civsTurbo modeCheats
Victory
Defeat
🇹🇷 Ethiopians · Türkiye
1163
+14
🇹🇷 Franks · Türkiye
1144
+14
🇹🇷 Maya · Türkiye
1134
+15
🇩🇪 Khmer · Germany
1196
-18
🇩🇪 Saxons · Germany
1192
-17
946
-8
AOELG_magic_vky
6:04 Loom
8:49 Feudal Age
9:41 Double-Bit Axe
9:57 Horse Collar
15:46 Scale Barding Armor
20:08 Forging
23:18 Castle Age
23:18 Bloodlines
24:29 Chain Barding Armor
24:10 Gold Mining
25:09 Iron Casting
AOELG_Dein_Imp'spector
11:49 Feudal Age
14:40 Horse Collar
14:49 Double-Bit Axe
25:08 Castle Age
AOELG_danger bochem
10:53 Feudal Age
9:08 Loom
17:45 Castle Age
20:04 Double-Bit Axe
25:04 Scale Mail Armor
25:01 Gold Mining
isik.cemil
7:28 Loom
10:17 Feudal Age
12:49 Double-Bit Axe
13:43 Scale Barding Armor
18:06 Forging
23:44 Castle Age
22:32 Gold Mining
24:27 Husbandry
25:03 Chain Barding Armor
KingMoonborn
7:34 Loom
10:46 Feudal Age
11:49 Double-Bit Axe
14:37 Fletching
14:34 Horse Collar
15:54 Padded Archer Armor
20:19 Wheelbarrow
23:31 Castle Age
23:35 Elite Skirmisher
23:36 Crossbowman
24:14 Bodkin Arrow
26:11 Ballistics
eyupfc
0:27 Loom
9:25 Feudal Age
10:15 Double-Bit Axe
13:13 Wheelbarrow
18:44 Fletching
24:13 Castle Age
24:23 Crossbowman
25:15 Bow Saw
25:11 Bodkin Arrow
Connection lost

Rejoining the realm…

Still unreachable

The connection could not be restored.

Session expired

The server has moved on; the page needs a fresh start.